 Dungeon Crawl Stone Soup version 0.24.0-37-gcf1ca852f1 (webtiles) character file.

Game seed: 16686917686703610904, levelgen mode: deterministic

1122 PentaManta the Changer (level 8, -3/48 HPs)
             Began as an Octopode Transmuter on Nov 30, 2019.
             Was an Initiate of Gozag.
             Slain by a wyvern zombie (6 damage)
             ... on level 6 of the Dungeon on Dec 1, 2019.
             The game lasted 00:22:42 (5904 turns).

PentaManta the Changer (Octopode Transmuter)        Turns: 5904, Time: 00:22:42

Health: -3/48      AC:  7    Str:  9    XL:     8   Next: 35%
Magic:  14/14      EV: 16    Int: 15    God:    Gozag
Gold:   238        SH:  0    Dex: 17    Spells: 2/15 levels left

rFire    . . .     SeeInvis .     - Unarmed
rCold    . . .     Gourm    .   (no shield)
rNeg     . . .     Faith    .   (helmet restricted)
rPois    .         Spirit   .   (no amulet)
rElec    .         Reflect  .   h - +6 ring of protection
rCorr    .         Harm     .   n - +2 ring of dexterity
MR       .....                  (no ring)
Stlth    +++.......             (no ring)
HPRegen  0.16/turn              (no ring)
MPRegen  0.14/turn              (no ring)
                                (no ring)
                                (no ring)

@: appendage, gold aura
A: almost no armour, stealthy swim, amphibious, 8 rings, constrict 8, tentacle
spike 3, camouflage 1, gelatinous body 1
a: End Transformation, Potion Petition, Call Merchant, Bribe Branch, Renounce
Religion


You were on level 6 of the Dungeon.
You worshipped Gozag.
Gozag was aware of your devotion.
You were not hungry.
One of your tentacles had a temporary spike.
You visited 2 branches of the dungeon, and saw 7 of its levels.

You collected 306 gold pieces.
You paid 68 gold pieces to Gozag.

Inventory:

Missiles
 a - 51 arrows
 s - 25 poisoned darts (quivered)
 t - 2 curare-tipped darts
Jewellery
 h - a +6 ring of protection (left tentacle)
 n - a +2 ring of dexterity (right tentacle)
Scrolls
 d - 3 scrolls of remove curse
 e - 6 scrolls of identify
 i - a scroll of noise {unknown}
 j - a scroll of blinking
 l - a scroll of enchant armour {unknown}
 r - 2 scrolls of magic mapping {unknown}
 u - 2 scrolls of fear {unknown}
 v - 3 scrolls of enchant weapon {unknown}
Potions
 b - 2 potions of curing {unknown}
 f - a potion of magic {unknown}
 g - a potion of mutation {unknown}
 k - 2 potions of degeneration {unknown}
 m - a potion of brilliance {unknown}
 o - a potion of heal wounds
 p - 2 potions of flight {unknown}
 q - a potion of might {unknown}
 w - a potion of resistance {unknown}
 x - a potion of berserk rage {unknown}
Comestibles
 c - 6 rations


   Skills:
 - Level 1.0 Fighting
 + Level 4.8 Dodging
 - Level 3.2 Unarmed Combat
 - Level 4.0 Spellcasting
 * Level 6.7 Transmutations
 + Level 3.3 Ice Magic


You had 2 spell levels left.
You knew the following spells:

 Your Spells              Type           Power        Failure   Level  Hunger
a - Beastly Appendage     Tmut           ###...       1%          1    None
b - Spider Form           Tmut/Pois      ##........   14%         3    ###....
c - Blade Hands           Tmut           ###.......   30%         5    ######.
d - Ice Form              Ice/Tmut       ###.....     22%         4    ####...

Your spell library contained the following spells:

 Spells                   Type           Power        Failure   Level  Hunger
 Sticks to Snakes         Tmut           ###.....     1%          2    ##.....


Dungeon Overview and Level Annotations

Branches:
Dungeon (6/15)             Temple (1/1) D:5

Altars:
Ashenzari
Dithmenos
Elyvilon
Fedhas
Gozag
Hepliaklqana
Kikubaaqudgha
Makhleb
Nemelex Xobeh
Okawaru
Qazlal
Ru
Sif Muna
Trog
Uskayaw
Vehumet
Wu Jian
Xom
Yredelemnul
Zin
The Shining One

Annotations:
D:2 exclusions: angel and balrug


Innate Abilities, Weirdness & Mutations

You cannot wear most types of armour.
You are very stealthy in the water. (Stealth+)
You are amphibious.
You can wear up to eight rings at the same time.
You can use your tentacles to constrict eight enemies at once.
Your skin changes colour to match your surroundings (Stealth+).
Your rubbery body absorbs attacks. (AC +1, EV +1)
One of your tentacles bears a large vicious spike.


Message History

The wyvern zombie is lightly damaged.
The wyvern zombie barely misses you.
The wyvern zombie completely misses you.
You barely miss the wyvern zombie. You tentacle-slap the wyvern zombie.
The wyvern zombie is moderately damaged.
The wyvern zombie barely misses you.
You barely miss the wyvern zombie.
You pierce the wyvern zombie, but do no damage.
The wyvern zombie is moderately damaged.
The wyvern zombie bites you.
* * * LOW HITPOINT WARNING * * *
You tentacle-slap the wyvern zombie.
The wyvern zombie is moderately damaged.
The wyvern zombie bites you!
* * * LOW HITPOINT WARNING * * *
The hound zombie becomes distracted by the nearby gold, dreaming of imaginary riches.
The hound zombie is no longer distracted by gold.
The wyvern zombie bites you.
You die...
Your body crumbles into a pile of gold.

..... # ##..%. #.
#.... .####...# ##>
.......## !...
#......#.#.
...###..$.......
..#..$Z@....Z..
##.......###.... .
###..#.$...## . ..
#...........#
...####.......#..##
#...#..$.....#..#
##....Z.$.......##
......<............
........≈...........


You could see a hound zombie and a wyvern zombie.

Vanquished Creatures
  An ice beast (D:5)
  A sky beast (D:6)
  A necrophage (D:6)
  A centaur (D:6)
  A big kobold (D:3)
  A scorpion (D:4)
  A howler monkey (D:5)
  A crimson imp (D:5)
  2 bullfrog zombies (D:5)
  2 hounds (D:5)
  4 orc wizards
  Natasha (twice) (D:2)
  An iguana (D:4)
  2 worker ants (D:5)
  A hound skeleton (D:4)
  3 gnolls
  2 howler monkey skeletons
  4 adders
  An ooze (D:3)
  An adder skeleton (D:4)
  4 worms
  3 dart slugs
  4 leopard geckos
  7 orcs
  13 bats
  9 giant cockroaches
  15 goblins
  4 hobgoblins
  4 jackals
  7 kobolds
  3 quokkas
  A ball python (D:1)
  7 frilled lizards
  A jackal skeleton (D:4)
  A leopard gecko skeleton (D:4)
  A leopard gecko zombie (D:2)
  8 rats
125 creatures vanquished.

Notes
Turn   | Place    | Note
-------+----------+-------------------------------------------
     0 | D:1      | PentaManta the Octopode Transmuter began the quest for the
                  | Orb.
     0 | D:1      | Reached XP level 1. HP: 13/13 MP: 3/3
   110 | D:1      | Reached XP level 2. HP: 12/18 MP: 3/5
   419 | D:1      | Reached XP level 3. HP: 21/23 MP: 6/6
   461 | D:1      | You fall into a shaft and drop 1 floor!
   462 | D:2      | Noticed Natasha
  1204 | D:1      | Learned a level 3 spell: Spider Form
  1386 | D:2      | Killed Natasha
  1386 | D:2      | Reached skill level 3 in Transmutations
  1386 | D:2      | Reached XP level 4. HP: 28/28 MP: 4/8
  1424 | D:2      | Found a bloodstained altar of Trog.
  1428 | D:2      | Found a transporter.
  1438 | D:2      | Found a transporter.
  1594 | D:2      | Noticed Natasha
  1608 | D:2      | Killed Natasha
  1731 | D:2      | Reached XP level 5. HP: 18/33 MP: 9/9
  1867 | D:2      | Noticed a balrug
  1868 | D:2      | Found a burning altar of Makhleb.
  1872 | D:2      | Found a glowing silver altar of Zin.
  1872 | D:2      | Noticed an angel
  2312 | D:3      | Found a faded altar of an unknown god.
  2474 | D:3      | Reached skill level 4 in Transmutations
  2480 | D:3      | Found an iron altar of Okawaru.
  2683 | D:3      | Noticed a big kobold
  2700 | D:3      | Killed a big kobold
  2700 | D:3      | Reached XP level 6. HP: 24/38 MP: 8/11
  2941 | D:3      | Learned a level 5 spell: Blade Hands
  2946 | D:3      | Learned a level 4 spell: Ice Form
  3714 | D:4      | Reached skill level 1 in Ice Magic
  3801 | D:4      | Reached XP level 7. HP: 39/43 MP: 13/13
  3905 | D:4      | Found a shimmering altar of Xom.
  4074 | D:5      | Entered Level 5 of the Dungeon
  4086 | D:5      | Found a hazy altar of Hepliaklqana.
  4140 | D:5      | Reached skill level 5 in Transmutations
  4539 | D:5      | Found a staircase to the Ecumenical Temple.
  4602 | Temple   | Entered the Ecumenical Temple
  4797 | Temple   | Became a worshipper of Gozag Ym Sagoz the Greedy
  5217 | D:5      | Reached skill level 6 in Transmutations
  5294 | D:6      | Reached XP level 8. HP: 30/48 MP: 14/14
  5903 | D:6      | HP: 2/48 [wyvern zombie (10)]
  5904 | D:6      | Slain by a wyvern zombie

Levels and vault maps discovered:
D:1:      dpeg_arrival_shrine, layout_rooms
D:2:      layout_loops_ring, gammafunk_temple_overflow_arena,
          grunt_temple_overflow_order_and_chaos_2, uniq_natasha
D:3:      layout_rooms, chequers_ecumenical_altar_simple_redux,
          okawaru_altar_gauntlet_db
D:4:      layout_basic, kennysheep_mini, first_ration
D:5:      layout_rooms, nicolae_overflow_crystal_walls,
          minmay_temple_entry_poolview
D:6:      layout_cave_pools, old_standard_altar
Temple:   eino_temple_rhombus

Skill      XL: |  1  2  3  4  5  6  7  8 |
---------------+-------------------------+-----
Transmutations | 3 4 6 |  6.7
Spellcasting   | 3 4 |  4.0
Dodging        | 3 4 |  4.8
Ice Magic      | 1 2 3 |  3.3
Fighting       | |  1.0
Unarmed Combat | |  3.2

Action                   |  1- 3 |  4- 6 |  7- 9 || total
-------------------------+-------+-------+-------++-------
Melee: Unarmed           |    91 |   201 |   117 ||   409
       Constrict         |    23 |    45 |    12 ||    80
       Tentacles         |    13 |    36 |    23 ||    72
       Kick              |     1 |    16 |    21 ||    38
       Punch             |     2 |     4 |     2 ||     8
 Cast: Beastly Appendage |     1 |     6 |     6 ||    13
       Spider Form       |     2 |     3 |     3 ||     8
  Use: Scroll            |       |       |     3 ||     3
       Potion            |       |       |     2 ||     2
 Stab: Distracted        |     1 |       |       ||     1
       Sleeping          |     4 |     7 |     2 ||    13
  Eat: Chunk             |     1 |     9 |       ||    10
       Ration            |       |       |     2 ||     2
Armor: Skin              |    18 |    41 |    24 ||    83
Dodge: Dodged            |    93 |   120 |   136 ||   349
